AoeStats
← josiahkane

Four Lakes

509313742Analyzed
1v1 RM · 7d ago on Sep 26, 2026· 44m 5s· 2 players
Game mode
Random Map
Map size
Tiny (2 player)
Population
200
Speed
Normal
Resources
Standard
Victory
Conquest
Starting age
Dark Age
Ending age
Imperial Age
RankedLock teamsTeams togetherTeam positionsShared explorationLock speedFull tech treeHidden civsTurbo modeCheats
Victory
Defeat
🇬🇧 Burgundians · United Kingdom
844
+17
🇳🇿 Japanese · New Zealand
875
-17
josiahkane
2:32 Loom
6:51 Loom
10:26 Feudal Age
12:12 Double-Bit Axe
20:35 Castle Age
20:41 Fishing Lines
21:56 Forging
22:16 Cavalier
23:05 Scale Barding Armor
29:17 Burgundian Vineyards
29:58 Iron Casting
36:03 Imperial Age
36:46 Husbandry
ChaChi
13:15 Feudal Age
15:07 Wheelbarrow
14:21 Loom
14:28 Gold Mining
14:24 Double-Bit Axe
14:21 Horse Collar
17:47 Castle Age
17:01 Fletching
17:12 Padded Archer Armor
17:23 Forging
18:38 Forging
18:33 Scale Barding Armor
20:34 Iron Casting
21:16 Pikeman
21:57 Squires
23:49 Fishing Lines
25:14 Bow Saw
30:12 Hand Cart
29:43 Loom
35:00 Gold Shaft Mining
36:40 Bloodlines
36:31 Husbandry
42:48 Imperial Age
44:09 Hoardings
Connection lost

Rejoining the realm…

Still unreachable

The connection could not be restored.

Session expired

The server has moved on; the page needs a fresh start.